[Event "Titled Tuesday Blitz February 01 A 2022"]
[White "Vokhidov, Shamsiddin"]
[Black "Muradli, Mahammad"]
[WhiteFideId "14204223"]
[BlackFideId "13409301"]
[WhiteElo "2835"]
[BlackElo "2933"]
[Result "1-0"]
[Round "04"]
[TimeControl "180+1"]
[Date "2022.02.01"]
[WhiteClock "0:00:06"]
[BlackClock "0:00:01"]

1. e4 c5 2. Nf3 d6 3. Bb5+ Bd7 4. Bxd7+ Qxd7 5. c4 Nf6 6. Nc3 Nc6 7. d4 cxd4 8. Nxd4 Qg4 9. Qxg4 Nxg4 10. Nxc6 bxc6 11. b3 g6 12. Bb2 Bg7 13. h3 Ne5 14. O-O-O g5 15. Kc2 h5 16. h4 g4 17. Ne2 Rh7 18. Ng3 c5 19. Nf5 Bh8 20. Bxe5 Bxe5 21. Rd5 f6 22. Rhd1 a5 23. a4 Kf8 24. R5d3 Kf7 25. g3 Ke6 26. Ne3 Kd7 27. Nd5 Kc6 28. Nc3 Rf7 29. f4 gxf3 30. Rxf3 Rg8 31. Ne2 Rg4 32. Kd3 e6 33. Rh1 Rb7 34. Rb1 Rg8 35. Ke3 Rgb8 36. Kf2 Rb4 37. Nf4 Rxc4 38. bxc4 Rxb1 39. Nxh5 Rb2+ 40. Kf1 Rb1+ 41. Kf2 Rb4 42. Nxf6 Rxa4 43. h5 Ra2+ 44. Kf1 Rh2 45. Kg1 Re2 46. h6 Re1+ 47. Kg2 Re2+ 48. Kh3 Re1 49. Kg2 Re2+ 50. Kh3 Re1 51. Ng4 Rh1+ 52. Kg2 Rh5 53. Nxe5+ dxe5 54. Rf6 Kd6 55. g4 Ke7 56. Rg6 Rh4 57. g5 a4 58. Kg3 Rh1 59. Rg7+ Kf8 60. Ra7 a3 61. h7 1-0


[Site "https://www.chess.com"]

[Event "Titled Tuesday Blitz February 01 A 2022"]
[White "Xiong, Jeffery"]
[Black "Lenderman, Aleksandr"]
[WhiteFideId "2047640"]
[BlackFideId "2021285"]
[WhiteElo "3027"]
[BlackElo "2857"]
[Result "0-1"]
[Round "04"]
[TimeControl "180+1"]
[Date "2022.02.01"]
[WhiteClock "0:00:01"]
[BlackClock "0:00:12"]

1. c4 b6 2. Nc3 Bb7 3. d4 e6 4. a3 f5 5. Bf4 Nf6 6. d5 Na6 7. g3 Bd6 8. Bxd6 cxd6 9. Bg2 Nc5 10. Nh3 O-O 11. O-O Nce4 12. Nxe4 fxe4 13. Qd2 exd5 14. cxd5 Qe7 15. Rac1 Rac8 16. Nf4 g5 17. Nh3 h6 18. Qb4 Bxd5 19. Rcd1 Rc5 20. f4 exf3 21. exf3 Qe3+ 22. Kh1 Qe7 23. Qd2 Qg7 24. Nf2 Rfc8 25. Qb4 Qf8 26. Kg1 Rc2 27. h4 R2c4 28. Qd2 gxh4 29. g4 Rc2 30. Qf4 R8c4 31. Qh2 Rxb2 32. Qxh4 Qg7 33. Rfe1 Rcc2 34. Rf1 Qg5 35. Qg3 Qe5 36. f4 Qe6 37. g5 Nh5 38. Qg4 Qxg4 0-1


[Site "https://www.chess.com"]

[Event "Titled Tuesday Blitz February 01 A 2022"]
[White "Zhigalko, Sergei"]
[Black "Papp, Levente"]
[WhiteFideId "13502956"]
[BlackFideId "751243"]
[WhiteElo "2662"]
[BlackElo "2308"]
[Result "1-0"]
[Round "04"]
[TimeControl "180+1"]
[Date "2022.02.01"]
[WhiteClock "0:00:07"]
[BlackClock "0:00:03"]

1. e4 e6 2. d4 d5 3. e5 c5 4. c3 Nc6 5. Nf3 Qb6 6. a3 Nh6 7. b4 cxd4 8. cxd4 Nf5 9. Be3 Nxe3 10. fxe3 Bd7 11. Bd3 f6 12. O-O Be7 13. exf6 Bxf6 14. Nc3 O-O 15. Na4 Qd8 16. Nc5 Qe7 17. Rc1 Be8 18. Kh1 Bh5 19. Qc2 g6 20. Nxb7 Nxb4 21. axb4 Qxb7 22. Qc6 Qe7 23. Ne5 Bxe5 24. dxe5 Bg4 25. Rf6 Rab8 26. h3 Bf5 27. Bxf5 exf5 28. Qxd5+ Kh8 29. Rxf8+ Rxf8 30. e6 Rf6 31. Rc6 Qxb4 32. Qe5 Kg7 33. Rc7+ Kh6 34. Qxf6 Qd6 35. Qh4# 1-0


[Site "https://www.chess.com"]

[Event "Titled Tuesday Blitz February 01 A 2022"]
[White "Abdrlauf, Elham"]
[Black "Vasquez Schroeder, Rodrigo"]
[WhiteFideId "1533533"]
[BlackFideId "3400042"]
[WhiteElo "2334"]
[BlackElo "2568"]
[Result "0-1"]
[Round "05"]
[TimeControl "180+1"]
[Date "2022.02.01"]
[WhiteClock "0:00:04"]
[BlackClock "0:01:00"]

1. e4 c5 2. Nf3 d6 3. d4 cxd4 4. Nxd4 Nf6 5. Nc3 a6 6. Bc4 e6 7. Bb3 b5 8. f4 Bb7 9. e5 dxe5 10. fxe5 Nfd7 11. Qh5 g6 12. Qh3 Nc5 13. Be3 Nbd7 14. O-O Qb6 15. Rxf7 Kxf7 16. Nxe6 Ke8 17. Rd1 Qc6 18. Bd5 Qc8 19. Ng5 Nxe5 20. Qg3 Ncd7 21. Nce4 Be7 22. Ne6 Bxd5 23. Rxd5 Qxc2 24. h3 Qxe4 0-1


[Site "https://www.chess.com"]

[Event "Titled Tuesday Blitz February 01 A 2022"]
[White "Alonso Rosell, Alvar"]
[Black "Sasikiran, Krishnan"]
[WhiteFideId "2270544"]
[BlackFideId "5004985"]
[WhiteElo "2518"]
[BlackElo "2572"]
[Result "1-0"]
[Round "05"]
[TimeControl "180+1"]
[Date "2022.02.01"]
[WhiteClock "0:00:20"]
[BlackClock "0:00:27"]

1. d4 Nf6 2. Bf4 g6 3. Nc3 d5 4. e3 Nh5 5. Bg5 f6 6. Bh4 c6 7. h3 Ng7 8. Bg3 Nf5 9. Bh2 Bg7 10. Nf3 Nd6 11. Bd3 O-O 12. e4 dxe4 13. Nxe4 Nxe4 14. Bxe4 Bf5 15. Bxf5 Qa5+ 16. Qd2 Qxf5 17. O-O Nd7 18. Rfe1 Rae8 19. Re2 Nb6 20. Rae1 Qd7 21. Re6 Nc8 22. Qe2 Bh6 23. h4 Qd5 24. c4 Qf5 25. d5 Bf4 26. Bxf4 Qxf4 27. dxc6 bxc6 28. c5 Rd8 29. Rxc6 e5 30. Rc7 e4 31. Qc4+ Kh8 32. Rb7 Rde8 33. Re3 g5 34. hxg5 fxg5 35. Qd4+ Rf6 36. Rf7 Re6 37. Qd8+ 1-0


[Site "https://www.chess.com"]

[Event "Titled Tuesday Blitz February 01 A 2022"]
[White "Aravindh, Chithambaram VR."]
[Black "Weetik, Vjacheslav"]
[WhiteFideId "5072786"]
[BlackFideId "4153472"]
[WhiteElo "2561"]
[BlackElo "2469"]
[Result "1-0"]
[Round "05"]
[TimeControl "180+1"]
[Date "2022.02.01"]
[WhiteClock "0:00:12"]
[BlackClock "0:00:03"]

1. b3 d5 2. Bb2 Bg4 3. f3 Bh5 4. e3 Nd7 5. d4 e6 6. Nc3 f5 7. Qd2 Ngf6 8. Nge2 Bd6 9. Nf4 Bf7 10. Nb5 Be7 11. c4 c6 12. Nc3 O-O 13. Be2 Bd6 14. O-O-O Bb4 15. Qc2 Qa5 16. Kb1 b5 17. c5 e5 18. dxe5 Nxe5 19. Nxb5 Ng6 20. Nd4 Qxc5 21. Qxc5 Bxc5 22. Nfe6 Bxe6 23. Nxe6 Bxe3 24. Nxf8 Rxf8 25. Bd3 Nf4 26. Bxf5 Nxg2 27. Be5 Nh4 28. Be6+ Kh8 29. Rd3 Bb6 30. Rc1 c5 31. Bxf6 Rxf6 32. Bxd5 Ng2 33. Be4 Nf4 34. Rd7 h5 35. Rg1 g6 36. Rgd1 Ne6 37. R1d6 c4 38. bxc4 Bc5 39. Rc6 Bd4 40. Rxd4 1-0


[Site "https://www.chess.com"]

[Event "Titled Tuesday Blitz February 01 A 2022"]
[White "Arjun Kalyan"]
[Black "Caruana, Fabiano"]
[WhiteFideId "35018701"]
[BlackFideId "2020009"]
[WhiteElo "2321"]
[BlackElo "2744"]
[Result "0-1"]
[Round "05"]
[TimeControl "180+1"]
[Date "2022.02.01"]
[WhiteClock "0:00:05"]
[BlackClock "0:00:20"]

1. e4 c5 2. Nf3 d6 3. Bb5+ Bd7 4. Bxd7+ Qxd7 5. c4 e5 6. Nc3 Nc6 7. O-O Be7 8. a3 Bd8 9. b4 Nge7 10. Rb1 O-O 11. d3 f5 12. Nd5 b6 13. b5 Nd4 14. Nxd4 cxd4 15. Nxe7+ Bxe7 16. exf5 Qxf5 17. Qe2 Rac8 18. a4 Rfd8 19. Ba3 Bf6 20. Rbc1 Bg5 21. Rc2 h6 22. Re1 Rd7 23. g3 Qg6 24. Qg4 Rcd8 25. Qe4 Qxe4 26. Rxe4 Rc8 27. Rce2 Bf6 28. f4 exf4 29. Rxf4 d5 30. cxd5 Rc3 31. Bb2 Rxd3 32. Rf5 Kf7 33. Ref2 Kg6 34. Kg2 h5 35. h4 Rb3 36. Bc1 d3 37. Be3 Rb4 38. R5f4 Rxf4 39. Rxf4 Rxd5 40. Bd2 Be7 41. Kf3 Bc5 42. Ke4 Rd4+ 43. Ke5 Rxf4 44. Kxf4 Bd6+ 45. Kf3 Kf5 46. Be1 Bc5 47. Bd2 Ke5 48. Bc3+ Kd5 49. Bxg7 Kc4 50. Bh6 Kb3 51. g4 hxg4+ 52. Kxg4 Kc2 53. Kf5 d2 54. Bxd2 Kxd2 55. h5 Kc3 56. Ke4 Kc4 57. h6 Bd4 58. h7 Bh8 59. Kf5 Kb4 60. Ke6 Kxa4 61. Kd7 Kxb5 62. Kc7 a5 63. Kb7 a4 0-1


[Site "https://www.chess.com"]

[Event "Titled Tuesday Blitz February 01 A 2022"]
[White "Bacrot, Etienne"]
[Black "Sviridov, Valery"]
[WhiteFideId "605506"]
[BlackFideId "4120680"]
[WhiteElo "2673"]
[BlackElo "2454"]
[Result "1/2-1/2"]
[Round "05"]
[TimeControl "180+1"]
[Date "2022.02.01"]
[WhiteClock "0:00:06"]
[BlackClock "0:00:18"]

1. d4 g6 2. h4 Nf6 3. Nc3 d5 4. Bg5 Bg7 5. e3 c5 6. dxc5 Nc6 7. Nf3 h6 8. Bxf6 Bxf6 9. Bb5 Qa5 10. Nd4 a6 11. Bxc6+ bxc6 12. Nb3 Bxc3+ 13. bxc3 Qxc3+ 14. Qd2 Qf6 15. Qd4 e5 16. Qc3 O-O 17. f4 Re8 18. O-O-O Kg7 19. h5 g5 20. Rdf1 d4 21. Qc4 Be6 22. fxe5 Bxc4 23. exf6+ Kg8 24. Nxd4 Bxf1 25. Rxf1 Re5 26. Nxc6 Rxc5 27. Ne7+ Kh7 28. e4 Re5 29. Re1 Re6 30. e5 Rb8 31. c4 Rb4 32. Re4 Ra4 33. Kb2 Rb6+ 34. Kc3 Rxa2 35. c5 Rb1 36. c6 Rc1+ 37. Kb4 Rb2+ 38. Ka3 Rb5 39. Re2 Ra1+ 40. Ra2 Re1 41. c7 Re3+ 42. Ka4 Re4+ 43. Ka3 Re3+ 44. Ka4 Reb3 45. c8=Q R3b4+ 46. Ka3 Rb3+ 47. Ka4 R3b4+ 48. Ka3 Rb3+ 49. Ka4 1/2-1/2


[Site "https://www.chess.com"]

[Event "Titled Tuesday Blitz February 01 A 2022"]
[White "Barrientos, Sergio E"]
[Black "Sadhwani, Raunak"]
[WhiteFideId "4401824"]
[BlackFideId "35093487"]
[WhiteElo "2441"]
[BlackElo "2616"]
[Result "0-1"]
[Round "05"]
[TimeControl "180+1"]
[Date "2022.02.01"]
[WhiteClock "0:00:18"]
[BlackClock "0:00:27"]

1. d4 Nf6 2. Nf3 g6 3. c4 Bg7 4. Nc3 O-O 5. e4 d6 6. h3 e5 7. d5 Nh5 8. g3 a5 9. Be2 Na6 10. Be3 Qe8 11. Nd2 Bd7 12. Bxh5 gxh5 13. Qxh5 Nb4 14. O-O-O Nd3+ 15. Kc2 Nc5 16. g4 Ba4+ 17. b3 Bd7 18. a4 Nxa4 19. bxa4 Bxa4+ 20. Nxa4 Qxa4+ 21. Kd3 b5 22. Rc1 b4 23. Ra1 Qd7 24. Rhb1 Rfb8 25. Qf5 Qe7 26. Ra4 Qe8 27. Rba1 b3 28. Nb1 b2 29. R1a3 c6 30. Bd2 cxd5 31. exd5 Rb3+ 32. Bc3 e4+ 33. Kc2 Rxc3+ 34. Nxc3 Bxc3 35. c5 Qb5 36. Rb3 Qd3# 0-1


[Site "https://www.chess.com"]

[Event "Titled Tuesday Blitz February 01 A 2022"]
[White "Bortnyk, Olexandr"]
[Black "Sarana, Alexey"]
[WhiteFideId "14120828"]
[BlackFideId "24133795"]
[WhiteElo "2723"]
[BlackElo "2665"]
[Result "1-0"]
[Round "05"]
[TimeControl "180+1"]
[Date "2022.02.01"]
[WhiteClock "0:00:07"]
[BlackClock "0:00:04"]

1. e4 c5 2. c3 d5 3. exd5 Qxd5 4. d4 Nc6 5. Be3 Bf5 6. Na3 cxd4 7. Nf3 e5 8. Bc4 Qa5 9. Qb3 dxe3 10. Qxb7 exf2+ 11. Ke2 Nge7 12. Qxa8+ Bc8 13. Nb5 e4 14. Ng5 Ne5 15. Bxf7+ Nxf7 16. a4 Nxg5 17. h4 Nf7 18. Rhd1 Qb6 19. Rd4 a6 20. Rad1 axb5 21. Rb4 Qa6 22. Qxe4 bxa4+ 23. Kxf2 Nd6 24. Qe3 Nf5 25. Qc5 Kf7 26. Rf4 Kg8 27. g4 Nxh4 28. Rd8 Nhg6 29. Qxe7 Qb6+ 30. Kf1 Qb5+ 31. c4 1-0


[Site "https://www.chess.com"]

[Event "Titled Tuesday Blitz February 01 A 2022"]
[White "Brodowski, Piotr"]
[Black "Bluebaum, Matthias"]
[WhiteFideId "1124480"]
[BlackFideId "24651516"]
[WhiteElo "2422"]
[BlackElo "2550"]
[Result "0-1"]
[Round "05"]
[TimeControl "180+1"]
[Date "2022.02.01"]
[WhiteClock "0:00:43"]
[BlackClock "0:01:07"]

1. c4 e6 2. Nf3 d5 3. e3 Nf6 4. Nc3 Bd6 5. Qc2 O-O 6. b3 Re8 7. Bb2 c5 8. g4 d4 9. exd4 cxd4 10. Nxd4 e5 11. Nf5 Nc6 12. Ne4 Nd4 13. Bxd4 exd4 14. Bd3 Bxf5 15. gxf5 Nxe4 16. Bxe4 d3 17. Qxd3 Qh4 18. O-O-O Ba3+ 19. Kc2 Qxe4 20. Rhe1 Qxd3+ 21. Kxd3 Rad8+ 22. Kc3 Rxe1 23. Rxe1 Bc5 24. f3 a5 25. Kc2 Bb4 26. Re2 Kf8 27. d3 Re8 28. Re4 Rxe4 29. fxe4 Bd6 30. h3 Be5 31. Kd2 Bd4 32. a3 Ke7 33. b4 a4 34. Kc2 g6 35. fxg6 fxg6 36. c5 g5 0-1


[Site "https://www.chess.com"]

[Event "Titled Tuesday Blitz February 01 A 2022"]
[White "Corrales Jimenez, Fidel"]
[Black "Danilenko, Dmitriy"]
[WhiteFideId "3506690"]
[BlackFideId "14120844"]
[WhiteElo "2541"]
[BlackElo "2606"]
[Result "1-0"]
[Round "05"]
[TimeControl "180+1"]
[Date "2022.02.01"]
[WhiteClock "0:00:50"]
[BlackClock "0:00:04"]

1. e4 Nf6 2. e5 Nd5 3. c4 Nb6 4. d4 d6 5. exd6 exd6 6. Nc3 Nc6 7. Be3 Be7 8. Bd3 O-O 9. Nge2 Bg4 10. b3 Bg5 11. O-O Bxe3 12. fxe3 Qg5 13. Qd2 Rae8 14. Nf4 Qh6 15. Rf2 Nb4 16. Raf1 Nxd3 17. Qxd3 c6 18. e4 c5 19. dxc5 dxc5 20. Qg3 Bc8 21. e5 Rxe5 22. Ng6 Re3 23. Nxf8 Rxg3 24. Rxf7 Rxc3 25. Ne6 Qe3+ 26. Kh1 Qf2 27. Rf8+ 1-0


[Site "https://www.chess.com"]

[Event "Titled Tuesday Blitz February 01 A 2022"]
[White "Dubov, Daniil"]
[Black "Kozlov, Gennady"]
[WhiteFideId "24126055"]
[BlackFideId "4191668"]
[WhiteElo "2791"]
[BlackElo "2392"]
[Result "1-0"]
[Round "05"]
[TimeControl "180+1"]
[Date "2022.02.01"]
[WhiteClock "0:00:13"]
[BlackClock "0:00:42"]

1. d4 Nf6 2. Bf4 e6 3. Nf3 b6 4. e3 Bb7 5. c4 Be7 6. Nc3 O-O 7. Bd3 d6 8. O-O c5 9. d5 e5 10. Bg3 Re8 11. Nd2 Bf8 12. f4 Nbd7 13. Qf3 Bc8 14. Rae1 Qe7 15. Bh4 Qd8 16. g4 Be7 17. g5 e4 18. Ndxe4 Nxe4 19. Nxe4 Nf8 20. f5 f6 21. gxf6 Bxf6 22. Nxf6+ gxf6 23. Kh1 Nd7 24. Rg1+ Kh8 25. Qh5 Qe7 26. Rg3 Bb7 27. Reg1 Rg8 28. Qh6 b5 29. b3 Rxg3 30. Rxg3 Rg8 31. Qf4 Ne5 32. Be2 Qf7 33. e4 bxc4 34. bxc4 Ba6 35. Qh6 Nd7 36. Kg1 Qe7 37. Qf4 Ne5 38. Kf2 Rb8 39. Qh6 Nd7 40. Rb3 Rf8 41. Ra3 Qxe4 42. Rxa6 Qd4+ 43. Kf1 Rg8 44. Bg3 Qa1+ 45. Kf2 Qb1 46. Ra3 Qe4 47. Re3 Qd4 48. Qf4 Qb2 49. Qxd6 1-0


[Site "https://www.chess.com"]

[Event "Titled Tuesday Blitz February 01 A 2022"]
[White "Garriga Cazorla, Pere"]
[Black "Durarbayli, Vasif"]
[WhiteFideId "32011601"]
[BlackFideId "13402935"]
[WhiteElo "2458"]
[BlackElo "2528"]
[Result "1-0"]
[Round "05"]
[TimeControl "180+1"]
[Date "2022.02.01"]
[WhiteClock "0:00:25"]
[BlackClock "0:00:20"]

1. d4 d5 2. c4 e6 3. Nc3 c6 4. Nf3 f5 5. Bf4 Nf6 6. e3 Be7 7. Bd3 O-O 8. Ne5 Bd7 9. g4 fxg4 10. Rg1 Be8 11. Nxg4 Nbd7 12. Qf3 Bh5 13. Nxf6+ Nxf6 14. Qh3 Qc8 15. Be5 dxc4 16. Bxc4 Bf7 17. O-O-O Kh8 18. Bd3 Bg8 19. Rg3 Rf7 20. Bg6 Rf8 21. Rdg1 h6 22. Bc2 Rf7 23. Rxg7 1-0


[Site "https://www.chess.com"]

[Event "Titled Tuesday Blitz February 01 A 2022"]
[White "Grandelius, Nils"]
[Black "Mladenovic, Stefan"]
[WhiteFideId "1710400"]
[BlackFideId "942227"]
[WhiteElo "2617"]
[BlackElo "2355"]
[Result "1/2-1/2"]
[Round "05"]
[TimeControl "180+1"]
[Date "2022.02.01"]
[WhiteClock "0:00:08"]
[BlackClock "0:00:04"]

1. Nf3 Nf6 2. g3 e6 3. Bg2 d5 4. O-O Be7 5. c4 O-O 6. Ne5 dxc4 7. Qc2 Nd5 8. Qxc4 c5 9. Nc3 Nb6 10. Qb3 Qd4 11. Nf3 Qd8 12. d3 Nc6 13. Be3 e5 14. Ne4 Be6 15. Qc2 Rc8 16. Nxc5 Bxc5 17. Qxc5 Nd4 18. Nxd4 Rxc5 19. Nxe6 fxe6 20. Bxc5 Rf7 21. Rac1 Nd5 22. Rc2 Rc7 23. Rfc1 Qc8 24. Bxd5 exd5 25. Rc3 b6 26. Ba3 Rxc3 27. Rxc3 Qg4 28. f3 Qd4+ 29. Kf1 e4 30. fxe4 dxe4 31. Rc8+ Kf7 32. Rf8+ Kg6 33. Rf4 Qe3 34. Rg4+ Kf7 35. Rxe4 Qc1+ 36. Kf2 Qb1 37. Re7+ Kf6 38. Rxa7 Qc1 39. Re7 h5 40. h4 b5 41. Re4 Qb1 42. Rb4 Qxa2 43. Rxb5 Qb1 44. Rb6+ Kf7 45. Rb7+ Kg8 46. Rb4 Qh1 47. Rf4 Qh2+ 48. Kf3 Qh1+ 49. Ke3 Qg1+ 50. Kd2 Qxg3 51. Bd6 Qg1 52. b4 Qa1 53. Rc4 Qb2+ 54. Ke3 Qb1 55. Bc5 Qg1+ 56. Kd2 Qg2 57. b5 Qd5 58. b6 Qc6 59. Bd4 Qb5 60. Rc8+ Kh7 61. Rc7 Qb4+ 62. Ke3 Qb2 63. Rxg7+ Kh6 64. Re7 Qc2 65. Re6+ Kh7 66. Re7+ Kg6 67. b7 Qc1+ 68. Ke4 Qh1+ 69. Ke5 Qxh4 70. b8=Q Qh2+ 71. Ke4 Qxb8 72. Re6+ Kh7 73. Re5 Qb7+ 74. Ke3 Qg2 75. Rxh5+ Kg6 76. Re5 Qg1+ 77. Kd2 Qg2 78. Re4 Qf1 79. Be3 Qa1 80. Rg4+ Kf5 81. Rf4+ Ke5 82. Rc4 Qa2+ 83. Kd1 Ke6 84. Bc1 Qb3+ 85. Kd2 Qa2+ 86. Rc2 Qa5+ 87. Kd1 Qh5 88. Be3 Qh1+ 89. Kd2 Qa1 90. Bc5 Qa5+ 91. Ke3 Qa1 92. Rc4 Qg1+ 93. Kd2 Qa1 94. e4 Qb2+ 95. Ke3 Qa1 96. Bd4 Qg1+ 97. Kf3 Qf1+ 98. Ke3 Qg1+ 99. Kd2 Qg2+ 100. Kc3 Qf1 101. Rc6+ Kd7 102. Rc5 Qc1+ 103. Kb3 Qb1+ 104. Kc4 Qc2+ 105. Kd5 Qb3+ 106. Ke5 Qxd3 107. Rd5+ Ke8 108. Bc5 Qg3+ 109. Kd4 Qg7+ 110. Re5+ Kd7 111. Kd5 Qf7+ 112. Kd4 Qf6 113. Be7 Qf2+ 114. Kd3 Qf1+ 115. Ke3 Qe1+ 116. Kd3 Qd1+ 117. Ke3 Qe1+ 118. Kd3 Qd1+ 119. Ke3 Qe1+ 1/2-1/2


[Site "https://www.chess.com"]

[Event "Titled Tuesday Blitz February 01 A 2022"]
[White "Grischuk, Alexander"]
[Black "Kamsky, Gata"]
[WhiteFideId "4126025"]
[BlackFideId "2000024"]
[WhiteElo "2762"]
[BlackElo "2645"]
[Result "1/2-1/2"]
[Round "05"]
[TimeControl "180+1"]
[Date "2022.02.01"]
[WhiteClock "0:00:02"]
[BlackClock "0:00:13"]

1. e4 e5 2. Nf3 Nc6 3. Bc4 Bc5 4. c3 Nf6 5. d3 d6 6. Bg5 h6 7. Bh4 Qe7 8. O-O g5 9. Bg3 a6 10. b4 Ba7 11. a4 O-O 12. Nbd2 Kh8 13. b5 Na5 14. Ba2 Ne8 15. d4 f6 16. Re1 Ng7 17. Nf1 Bd7 18. Qd3 Be6 19. Ne3 Bxa2 20. Rxa2 Qf7 21. Rb2 axb5 22. axb5 exd4 23. cxd4 f5 24. exf5 Nxf5 25. Nxf5 Qxf5 26. Qc3 Bb6 27. Rbe2 Rf7 28. Re6 Kh7 29. h4 g4 30. Nd2 Rg8 31. R1e4 Qxb5 32. Bf4 Rg6 33. Rxg6 Kxg6 34. Qe3 Qf5 35. Bxh6 Nc6 36. Bg5 d5 37. Rf4 Qd7 38. Qd3+ Kg7 39. Rxf7+ Qxf7 40. Be3 Qg6 41. Qc3 Qf5 42. g3 Ba5 43. Qc1 Bxd2 44. Qxd2 Nd8 45. Bf4 Ne6 46. Be5+ Kh7 47. Qb4 b6 48. Qe7+ Kg6 49. Qe8+ Kh7 50. Qh8+ Kg6 51. Qg8+ Kh6 52. Qh8+ Kg6 53. Qe8+ Kh7 54. Qh8+ Kg6 1/2-1/2


[Site "https://www.chess.com"]

[Event "Titled Tuesday Blitz February 01 A 2022"]
[White "Hakemi, Arman"]
[Black "Kravtsiv, Martyn"]
[WhiteFideId "22520805"]
[BlackFideId "14113147"]
[WhiteElo "2208"]
[BlackElo "2694"]
[Result "0-1"]
[Round "05"]
[TimeControl "180+1"]
[Date "2022.02.01"]
[WhiteClock "0:00:07"]
[BlackClock "0:00:14"]

1. e4 e5 2. Nf3 Nc6 3. Nc3 Nf6 4. d4 exd4 5. Nxd4 Bb4 6. Nxc6 bxc6 7. Bd3 O-O 8. O-O d5 9. exd5 cxd5 10. h3 c6 11. Qf3 Bd6 12. Bf4 Rb8 13. b3 Rb4 14. Bxd6 Qxd6 15. Qg3 Qxg3 16. fxg3 Re8 17. a3 Rb7 18. Na4 Rbe7 19. Nc5 h5 20. Kf2 Nd7 21. Nxd7 Bxd7 22. Rae1 Kf8 23. c4 d4 24. Rxe7 Rxe7 25. Re1 c5 26. b4 Rxe1 27. Kxe1 Ke7 28. Kf2 Kd6 29. Kf3 g5 30. h4 f6 31. Bg6 Be6 32. Bxh5 Bxc4 33. bxc5+ Kxc5 34. Bg6 Bd5+ 35. Kf2 Kd6 36. h5 Ke7 37. h6 Kf8 38. Ke2 Bc4+ 39. Kd2 Kg8 40. Bf5 Kh8 41. g4 Bb5 42. g3 Bc4 43. Kc2 a5 44. Kd2 Kg8 45. Bc2 Bb5 46. Bb3+ Kh7 47. a4 Ba6 48. Bc2+ Kxh6 49. Bd3 Bb7 50. Bf5 Ba6 51. Bd3 Bb7 52. Bf5 Bc6 53. Kd3 Bxa4 54. Kxd4 Kg7 55. Kc5 Bd1 56. Kb5 a4 57. Kb4 Kf7 58. Ka3 Ke7 59. Kb4 Kd6 60. Kc3 Ke5 61. Kd2 Bb3 62. Kc3 Be6 63. Bxe6 Kxe6 64. Kb4 Ke5 65. Kxa4 Ke4 66. Kb4 Kf3 67. Kc4 Kxg4 68. Kd4 Kxg3 69. Ke3 g4 0-1


[Site "https://www.chess.com"]

[Event "Titled Tuesday Blitz February 01 A 2022"]
[White "Hansen, Eric"]
[Black "Murzin, Volodar"]
[WhiteFideId "2606771"]
[BlackFideId "44155573"]
[WhiteElo "2568"]
[BlackElo "2585"]
[Result "1-0"]
[Round "05"]
[TimeControl "180+1"]
[Date "2022.02.01"]
[WhiteClock "0:01:18"]
[BlackClock "0:00:03"]

1. e4 c6 2. d4 d5 3. e5 Bf5 4. Nf3 e6 5. Be2 Ne7 6. Nbd2 Nd7 7. Nb3 Nc8 8. O-O Be7 9. c3 a5 10. a4 Ncb6 11. Ne1 O-O 12. Bd3 Bg6 13. Bxg6 hxg6 14. Nd3 Nc4 15. g3 b5 16. axb5 cxb5 17. h4 a4 18. Nd2 Nxd2 19. Bxd2 Nb6 20. h5 g5 21. Kg2 Nc4 22. Bc1 f5 23. exf6 Bxf6 24. Re1 Re8 25. Qg4 Ra6 26. b3 Na5 27. Nc5 Rc6 28. bxa4 Rxc5 29. dxc5 Nb3 30. Rb1 bxa4 31. Qxa4 Nxc5 32. Qc6 Nd3 33. Rxe6 Rf8 34. Ba3 Be7 35. Bxe7 Rxf2+ 36. Kg1 Qa5 37. Qe8+ Kh7 38. Qg6+ Kg8 39. Rb8+ 1-0


[Site "https://www.chess.com"]

[Event "Titled Tuesday Blitz February 01 A 2022"]
[White "Jobava, Baadur"]
[Black "Kosakowski, Jakub"]
[WhiteFideId "13601520"]
[BlackFideId "1185080"]
[WhiteElo "2617"]
[BlackElo "2476"]
[Result "1/2-1/2"]
[Round "05"]
[TimeControl "180+1"]
[Date "2022.02.01"]
[WhiteClock "0:00:04"]
[BlackClock "0:00:02"]

1. b3 b6 2. Bb2 Bb7 3. c4 c5 4. Nf3 Nf6 5. d4 cxd4 6. Nxd4 g6 7. e3 Bg7 8. Nc3 O-O 9. Rc1 d5 10. Nf3 Nbd7 11. Nxd5 Nxd5 12. Bxg7 Nxe3 13. fxe3 Kxg7 14. Be2 Qc7 15. O-O Nc5 16. b4 Rad8 17. Qc2 Ne6 18. Qc3+ Kg8 19. a3 Be4 20. Ne5 Qb7 21. Rf2 f6 22. Nf3 Rd7 23. Nd2 Ng5 24. h4 Ne6 25. c5 bxc5 26. bxc5 Rc8 27. Nxe4 Qxe4 28. c6 Rd6 29. Bf3 Qxh4 30. Rd2 Qg3 31. Kf1 Ng5 32. Rxd6 Qxd6 33. Be2 Kg7 34. Qc5 Qg3 35. Qxe7+ Kh6 36. Rc4 f5 37. c7 Ne4 38. Kg1 Qxe3+ 39. Kh2 Qg3+ 40. Kg1 Qf2+ 41. Kh2 Qg3+ 42. Kg1 Qe3+ 43. Kh2 Qxe2 44. Rc6 Qh5+ 45. Kg1 Qd1+ 46. Kh2 Qh5+ 47. Kg1 Qg5 48. Qd7 Qe3+ 49. Kh2 Qg3+ 50. Kg1 Ng5 51. Kf1 Qf4+ 52. Ke2 Qe4+ 53. Kd2 Qxg2+ 54. Kc3 Ne4+ 55. Kb3 Qf3+ 56. Kb4 a5+ 57. Ka4 Nc3+ 58. Kxa5 Qd5+ 59. Qxd5 Nxd5 60. Rc5 Rxc7 61. Rxd5 Kg5 62. Rd3 f4 63. Kb6 Rc1 64. a4 Kg4 65. Rd4 Kg3 66. Rd7 h5 67. Rg7 f3 68. Rxg6+ Kh3 69. Rf6 Kg2 70. Rg6+ Kf1 71. Rh6 f2 72. Rxh5 Rc4 73. a5 Ke2 74. Rh1 Rb4+ 75. Kc5 Ra4 76. Kb5 Rg4 77. Rh2 Ke1 78. Rxf2 Kxf2 79. a6 Ke3 80. Kb6 Kd4 81. a7 Rg6+ 82. Kb7 Rg7+ 83. Kb8 Rxa7 84. Kxa7 1/2-1/2


[Site "https://www.chess.com"]

[Event "Titled Tuesday Blitz February 01 A 2022"]
[White "Kantans, Toms"]
[Black "Dobrov, Vladimir"]
[WhiteFideId "11602945"]
[BlackFideId "4136594"]
[WhiteElo "2357"]
[BlackElo "2614"]
[Result "0-1"]
[Round "05"]
[TimeControl "180+1"]
[Date "2022.02.01"]
[WhiteClock "0:00:16"]
[BlackClock "0:00:15"]

1. e4 c5 2. Nf3 Nc6 3. Bb5 e6 4. O-O Nge7 5. Ba4 b6 6. c3 Ba6 7. Re1 Bd3 8. Re3 c4 9. Ne1 Bxb1 10. Rxb1 g6 11. Qe2 d5 12. exd5 Qxd5 13. Re5 Qd6 14. Re4 a6 15. Bxc6+ Nxc6 16. Qxc4 Bg7 17. d4 O-O 18. Bf4 Qd7 19. Nf3 Rfc8 20. Qe2 b5 21. a3 Qd5 22. Ne5 Ne7 23. Re1 a5 24. Nd3 Nf5 25. Be5 Bf8 26. Bf6 b4 27. axb4 axb4 28. Nxb4 Bxb4 29. cxb4 Qb3 30. g4 Rc2 31. Qf3 Qxf3 0-1


[Site "https://www.chess.com"]

[Event "Titled Tuesday Blitz February 01 A 2022"]
[White "Kobalia, Mikhail"]
[Black "Ambartsumova, Karina"]
[WhiteFideId "4119150"]
[BlackFideId "4166299"]
[WhiteElo "2667"]
[BlackElo "2262"]
[Result "1-0"]
[Round "05"]
[TimeControl "180+1"]
[Date "2022.02.01"]
[WhiteClock "0:00:21"]
[BlackClock "0:00:03"]

1. e4 e5 2. Nf3 Nc6 3. Bb5 a6 4. Ba4 Nf6 5. O-O Be7 6. d3 d6 7. c3 O-O 8. Re1 b5 9. Bc2 Re8 10. Nbd2 h6 11. Nf1 Bf8 12. Ng3 g6 13. d4 exd4 14. cxd4 Nb4 15. Bb1 c5 16. a3 Nc6 17. d5 Ne5 18. Nxe5 dxe5 19. f4 Qd6 20. Rf1 Bg7 21. f5 Kh7 22. Be3 Bd7 23. b3 Rac8 24. Ra2 a5 25. Raf2 c4 26. h3 Rf8 27. bxc4 bxc4 28. Qc1 Bb5 29. Qc3 a4 30. Bc2 Bd7 31. Rb1 Qa6 32. fxg6+ fxg6 33. Ne2 Rb8 34. Rff1 Rfc8 35. Rxb8 Rxb8 36. Qxe5 Re8 37. Qf4 Nh5 38. Qf2 Qb5 39. Bd4 Rf8 40. Qxf8 Bxf8 41. Rxf8 Ng7 42. Rf7 h5 43. Rxg7+ Kh6 44. Nf4 Qb2 45. Bxb2 1-0


[Site "https://www.chess.com"]